 Dungeon Crawl Stone Soup version 0.02-100-gc9e1e00884 (webtiles) character file.

Game seed: 14366003561678132168, levelgen mode: deterministic

71 Borgoz the Skirmisher (level 4, 60/60 HPs) Minotaur Berserker. Began on Sept 16, 2020. Was a Believer of Trog. Quit the game on level 1 of the Dungeon. The game lasted 00:01:26 (482 turns).

Borgoz the Skirmisher (Minotaur Berserker)           Turns: 482, Time: 00:01:26

Health: 60/60      AC:  2    Str: 27    XL:     4 ^: 94
Magic:  3/3        EV: 13    Int:  4    God:    Trog [2* [62]]
Gold:   72         SH:  0    Dex: 10    Spells: 3/3 levels left

rFire    . . .     Vision   .   a - +0 falchion
rCold    . . .     Gourm    .   (no weapon)
rNeg     . . .     Faith    .   b - +0 animal skin
rPois    .         Spirit   .   (helmet restricted)
rElec    .         Reflect  .   (no cloak)
rCorr    .         Harm     .   (no gloves)
MR       .....     Rnd*Rage +   (no boots)
Stlth    ..........             (no amulet)
HPRegen  0.30/turn              (no ring)
MPRegen  0.13/turn              (no ring)

@: berserking, very quick
A: retaliatory headbutt, horns 2
a: Berserk, Trog's Hand, Renounce Religion


You were on level 1 of the Dungeon.
You worshipped Trog.
Trog was pleased with you.
You were not hungry.

You visited 1 branch of the dungeon, and saw 1 of its levels.

You collected 72 gold pieces.

Inventory:

Weapons
 a - a +0 falchion (weapon)
Armour
 b - a +0 animal skin (worn)
Scrolls
 e - a scroll of teleportation
 i - a scroll of enchantment
 j - a scroll of magic mapping
Potions
 d - a potion of ambrosia
 g - a potion of haste
 h - a potion of mutation
Comestibles
 c - 3 rations
 f - 9 chunks of flesh


   Skills:
 + Level 4.3 Fighting
 + Level 4.2 Long Blades
 + Level 3.3 Armour
 + Level 3.1 Dodging


You had 3 spell levels left.
You didn't know any spells.
Your spell library was empty.

Dungeon Overview and Level Annotations

Branches:
Dungeon (1/8)

Altars:


Innate Abilities, Weirdness & Mutations

You reflexively headbutt those who attack you in melee.
You have a pair of horns on your head.
You frequently lose your temper in combat.
This godly rage surpasses even clarity. (*Rage)


Message History

There are no items here.
You see here a +0 helmet.
No target in view!
Some of the chunks of flesh in your inventory have rotted away.
A red film seems to cover your vision as you go berserk!
You feel yourself moving faster!
You feel mighty!
You slash the goblin (11)!
You kill the goblin!
Trog accepts your kill.
No target in view!
No target in view!
No target in view!
Things that are here:
a +0 dagger; a goblin corpse You butcher the goblin corpse.
You feel a strong urge to attack something.
f - 9 chunks of flesh (gained 3)
Things that are here:
a +0 dagger; a goblin skeleton Your library has no spells.
Are you sure you want to abandon this character and quit the game? (Confirm with "yes".)

#.. # #.... ###....
#######.### ##.>..##
#..@....... .......
#.########. #.#.... #.#
##.#.... #.#
#.##....... #[#
#.#..#..... #.#
#.#....#.## #.###.####
#.#.#.##..† #........#
#.#.#.#####
#####.##.#####...#....#


There were no monsters in sight!

Vanquished Creatures
  4 cinder newts (D:1)
  An ooze (D:1)
  3 dart slugs (D:1)
  A leopard gecko (D:1)
  9 bats (D:1)
  6 hobgoblins (D:1)
  4 goblins (D:1)
  A kobold (D:1)
  5 rats (D:1)
34 creatures vanquished.

Notes
Turn   | Place    | Note
-------+----------+-------------------------------------------
     0 | D:1      | Borgoz the Minotaur Berserker began the quest for the Orb.
     0 | D:1      | Reached XP level 1. HP: 19/19 MP: 0/0
   127 | D:1      | Reached XP level 2. HP: 24/27 MP: 1/1
   219 | D:1      | Received a gift from Trog
   224 | D:1      | Reached ** piety under Trog
   224 | D:1      | Reached XP level 3. HP: 27/33 MP: 2/2
   444 | D:1      | Reached XP level 4. HP: 40/40 MP: 3/3
   482 | D:1      | Quit the game

Levels and vault maps discovered:
D:1:      shiori_arrival_maze, layout_loops_ring, first_ration,
          wad_floor_pattern_1, minmay_misc_feat_secret_circle

Skill      XL: |  1  2  3 |
---------------+----------+-----
Fighting       | 4 |  4.3
Long Blades    | 4 |  4.2
Armour         | 3 |  3.3
Dodging        | 3 |  3.1

Action                   |  1- 3 |  4- 6 || total
-------------------------+-------+-------++-------
Melee: Falchion          |    60 |     1 ||    61
       Unarmed           |    46 |       ||    46
       Headbutt          |     9 |       ||     9
 Stab: Sleeping          |     2 |       ||     2
Armor: Animal skin       |    10 |       ||    10
Dodge: Dodged            |    41 |       ||    41
       Rpst.: Unarmed    |     8 |       ||     8
       Falchion          |    15 |       ||    15
